 Dungeon Crawl Stone Soup version 0.30.1 (webtiles) character file.

Game seed: 1358570803640965021

12912 AgateBread the Carver (level 12, -10/78 HPs)
             Began as a Tengu Fighter on July 2, 2023.
             Was a Believer of the Shining One.
             Mangled by a wolf spider (15 damage)
             ... on level 11 of the Dungeon.
             The game lasted 00:58:36 (14847 turns).

AgateBread the Carver (Tengu Fighter)              Turns: 14847, Time: 00:58:37

Health: -10/78     AC: 18    Str: 17    XL:     12   Next: 0%
Magic:  13/16      EV:  6    Int:  9    God:    the Shining One [**....]
Gold:   833        SH: 17    Dex: 18    Spells: 11/11 levels left

rFire   . . .        a - +0 long sword (heavy)
rCold   + . .        c - +3 buckler
rNeg    + + .        d - +1 plate armour {rN+}
rPois   .            (helmet restricted)
rElec   .            C - +2 cloak
rCorr   .            (no gloves)
SInv    .            (boots unavailable)
Will    .....        (no amulet) Stlth
                     q - ring of protection from cold
HPRegen 0.33/turn    (no ring)
MPRegen 0.15/turn

%: no passive effects
@: divinely shielded, flying quickly and evasively, glowing, quick
A: beak, talons 3, nimble flight
a: Renounce Religion, Divine Shield


You were on level 11 of the Dungeon.
You worshipped the Shining One.
The Shining One was pleased with you.
You visited 2 branches of the dungeon, and saw 14 of its levels.
You also visited: Bailey.

You collected 1366 gold pieces.
You spent 533 gold pieces at shops.

Inventory:

Hand Weapons
 a - a +0 heavy long sword (weapon)
 n - a +0 sling
 B - a +0 shortbow
 J - a +2 short sword of electrocution
Missiles
 i - 17 boomerangs
 v - 15 datura-tipped darts
 E - 38 poisoned darts
Armour
 b - a +0 scale mail
 c - a +3 buckler (worn)
 d - a +1 plate armour of positive energy (worn)
 l - a +0 chain mail
 C - a +2 cloak (worn)
Jewellery
 q - a ring of protection from cold (left hand)
 A - a ring of ice
Wands
 p - a wand of charming (4) (quivered)
 F - a wand of flame (11)
 G - a wand of roots (1)
Scrolls
 j - a scroll of brand weapon
 o - a scroll of vulnerability {unknown}
 s - a scroll of torment {unknown}
 t - a scroll of amnesia {unknown}
 z - a scroll of acquirement {unknown}
Potions
 e - 3 potions of ambrosia
 f - a potion of magic
 g - a potion of mutation {unknown}
 u - a potion of attraction {unknown}
 w - 2 potions of degeneration {unknown}
 K - 3 potions of curing
 L - a potion of might
 M - a potion of invisibility {unknown}
 N - 2 potions of lignification


   Skills:
 + Level 10.5 Fighting
 - Level 14.0 Long Blades
 - Level 8.2 Armour
 - Level 6.0 Shields
 + Level 4.3 Invocations


You had 11 spell levels left.
You didn't know any spells.
Your spell library contained the following spells:

 Spells                   Type           Power      Damage    Failure   Level
 Volatile Blastmotes      Fire/Tloc      0%         2d10      100%        3
 Fulminant Prism          Conj/Hex       0%         3d5       100%        4
 Iskenderun's Mystic Bla  Conj/Tloc      0%         2d3       100%        4
 Blade Hands              Tmut           0%         N/A       100%        5
 Irradiate                Conj/Tmut      0%         3d11      100%        5
 Lee's Rapid Deconstruct  Erth           0%         3d4*      100%        5
 Dragon Form              Tmut           0%         N/A       100%        7


Dungeon Overview and Level Annotations

Branches:
Dungeon (13/15)            Temple (1/1) D:6            Lair (0/5) D:10
 Bailey (visited)
    Orc: D:9-12      Vaults: D:13-14

Altars:
Ashenzari
Cheibriados
Dithmenos
Elyvilon
Hepliaklqana
Kikubaaqudgha
Nemelex Xobeh
Okawaru
Qazlal
Ru
Sif Muna
Trog
Uskayaw
Vehumet
Wu Jian
Xom
Yredelemnul
Zin
The Shining One

Shops:
D:8 !

Portals:
Ice
Cave: D:12

Annotations:
D:8 2 transporters, turdburglar's ghost, novice TrTm
D:12 Lodul


Innate Abilities, Weirdness & Mutations

You have a beak for a mouth.
You have claws for feet.
Your magical nature lets you fly swiftly and evasively.


Message History

You feel extremely sick. The wolf spider hits you!
* * * LOW HITPOINT WARNING * * *
The wolf spider bites you.
* * * LOW HITPOINT WARNING * * *
Your shield is strengthened by the Shining One's divine power.
You can no longer channel blasts of cleansing flame.
* * * LOW HITPOINT WARNING * * *
You feel very sick.
The wolf spider hits you but does no damage.
You block the wolf spider's attack. The wolf spider hits you!
* * * LOW HITPOINT WARNING * * *
The wolf spider barely misses you.
You feel better. You block the wolf spider's attack. The wolf spider bites you.
* * * LOW HITPOINT WARNING * * *
You hit the wolf spider.
You claw the wolf spider, but do no damage.
You peck the wolf spider.
The wolf spider is moderately wounded.
The wolf spider hits you!
* * * LOW HITPOINT WARNING * * *
You block the wolf spider's attack. x2
The wolf spider bites you but does no damage.
Okay, then.
You don't know any spells.
Okay, then.
Okay, then.
Aiming: Charm
Press: ? - help, Q - select action, (/) - cycle Shift-Dir - straight line, f - wolf spider
Aim: a wolf spider (moderately wounded, haloed, chance to affect: 49%)
The wolf spider resists with some effort.
The wolf spider hits you but does no damage.
The wolf spider bites you but does no damage.
Aiming: Charm
Press: ? - help, Q - select action, (/) - cycle Shift-Dir - straight line, f/p - wolf spider
Aim: a wolf spider (moderately wounded, haloed, chance to affect: 49%)
The wolf spider resists with some effort.
You block the wolf spider's attack. The wolf spider barely misses you.
The wolf spider hits you!
You die...

#### #....#.#
#..# #..### #
#.# #..###.#
##.####......#
#........#####
#..#######
#..# #s.# #@##
#รท# #.# #.#
###


You could see a wolf spider.

Vanquished Creatures
  Snorg (D:11)
  A centaur warrior (D:9)
  5 two-headed ogres
  An orc knight (Bailey)
  Psyche (D:7)
  A troll (D:11)
  A hornet (D:8)
  Sigmund (D:3)
  A shadow (D:12)
  A basilisk (D:12)
  A wyvern (D:8)
  16 yaks
  2 steam dragons (D:9)
  Duvessa (D:5)
  2 sky beasts
  6 orc warriors
  2 ogres
  An ice beast (D:6)
  4 centaurs
  Blork the orc (D:4)
  10 kobold brigands
  A gnoll sergeant (D:6)
  4 scorpions
  A wight (D:8)
  2 two-headed ogre simulacra (D:12)
  Dowan (D:5)
  5 killer bees (D:10)
  7 howler monkeys
  A quasit (D:5)
  6 orc priests
  A jelly (D:6)
  Crazy Yiuf (D:4)
  3 gnoll boudas
  3 hounds
  2 sleepcaps
  Ijyb (D:4)
  6 iguanas
  8 orc wizards
  17 gnolls
  6 adders
  A shadow imp (D:5)
  A white imp (D:4)
  An ufetubus (D:7)
  A worm (D:3)
  3 dart slugs
  27 orcs
  6 endoplasms
  5 giant cockroaches
  2 goblins (D:2)
  6 hobgoblins
  24 kobolds
  4 quokkas
  6 ball pythons
  6 bats
  3 frilled lizards (D:1)
  4 goblin zombies (D:5)
  A hobgoblin zombie (D:5)
  2 kobold skeletons (D:5)
  A kobold zombie (D:5)
  2 orc skeletons (D:5)
  5 rats
247 creatures vanquished.

Vanquished Creatures (collateral kills)
  A centaur (D:12)
  An elephant simulacrum (D:12)
  A howler monkey (D:12)
  An orc wizard (D:8)
  3 orcs
7 creatures vanquished.

Vanquished Creatures (others)
  An orc warrior (Bailey)
  An ogre (D:12)
  A centaur (D:12)
  An orc wizard (D:7)
  An orc (D:8)
5 creatures vanquished.

Grand Total: 259 creatures vanquished

Notes
Turn   | Place    | Note
-------+----------+-------------------------------------------
     0 | D:1      | AgateBread the Tengu Fighter began the quest for the Orb.
     0 | D:1      | Reached XP level 1. HP: 14/14 MP: 2/2
   267 | D:1      | Reached XP level 2. HP: 19/19 MP: 3/3
  1094 | D:1      | Reached XP level 3. HP: 23/23 MP: 4/4
  1443 | D:2      | Reached skill level 3 in Long Blades
  2184 | D:3      | Reached XP level 4. HP: 17/29 MP: 5/5
  2347 | D:3      | Found a hide-covered altar of Uskayaw.
  2609 | D:3      | Found a faded altar of an unknown god.
  2609 | D:3      | Noticed Sigmund
  2616 | D:3      | Killed Sigmund
  2617 | D:3      | Reached skill level 4 in Long Blades
  2617 | D:3      | Gained mutation: Your magical nature lets you fly swiftly
                  | and evasively. [Tengu growth]
  2617 | D:3      | Reached XP level 5. HP: 29/34 MP: 6/6
  2617 | D:3      | Reached XP level 6. HP: 33/39 MP: 7/7
  3417 | D:4      | Noticed Blork the orc
  3427 | D:4      | Killed Blork the orc
  3568 | D:4      | Reached skill level 5 in Fighting
  3609 | D:4      | Reached skill level 5 in Shields
  3660 | D:4      | Found a runed translucent door.
  3661 | D:4      | Noticed Crazy Yiuf
  3666 | D:4      | Killed Crazy Yiuf
  3667 | D:4      | Reached XP level 7. HP: 44/44 MP: 8/8
  4484 | D:4      | Reached skill level 5 in Long Blades
  4736 | D:5      | Entered Level 5 of the Dungeon
  4739 | D:5      | Noticed Dowan
  4740 | D:5      | Noticed Duvessa
  4790 | D:5      | Killed Duvessa
  4791 | D:5      | Killed Dowan
  4848 | D:5      | Found a glowing golden altar of the Shining One.
  4852 | D:5      | Reached XP level 8. HP: 51/51 MP: 9/9
  4860 | D:5      | Became a worshipper of the Shining One
  4918 | D:5      | Reached skill level 6 in Long Blades
  4980 | D:5      | Noticed Ijyb
  5698 | D:4      | Killed Ijyb
  6401 | D:5      | Reached skill level 7 in Long Blades
  6409 | D:5      | Reached * piety under the Shining One
  6843 | D:5      | Found a sacrificial altar of Ru.
  6883 | D:6      | Found a staircase to the Ecumenical Temple.
  6890 | D:6      | Reached skill level 8 in Long Blades
  6981 | Temple   | Entered the Ecumenical Temple
  7308 | D:6      | Reached XP level 9. HP: 40/56 MP: 10/10
  7829 | D:6      | Reached skill level 9 in Long Blades
  8690 | D:7      | Found a glowing silver altar of Zin.
  8718 | D:7      | Reached skill level 10 in Long Blades
  8751 | D:7      | Found a flagged portal.
  8775 | Bailey   | Entered a bailey
  9142 | Bailey   | Noticed an orc knight
  9162 | Bailey   | Reached skill level 11 in Long Blades
  9205 | Bailey   | Killed an orc knight
  9206 | Bailey   | Reached skill level 12 in Long Blades
  9206 | Bailey   | Reached XP level 10. HP: 61/61 MP: 11/11
  9252 | Bailey   | Found an iron altar of Okawaru.
  9931 | D:7      | Reached skill level 13 in Long Blades
 11003 | D:8      | Found a transporter.
 11013 | D:8      | Noticed turdburglar's ghost (novice TrTm)
 11016 | D:8      | Identified the +0 giant spiked club of the People {pain,
                  | rF++}
 11016 | D:8      | Identified the +1 giant club of the Hammering Penguin
                  | {elec, rElec rPois rC++ Str-4}
 11016 | D:8      | Noticed a two-headed ogre
 11019 | D:8      | Noticed Psyche
 11040 | D:7      | Killed Psyche
 11041 | D:7      | Reached skill level 14 in Long Blades
 11075 | D:8      | Reached skill level 5 in Armour
 11423 | D:8      | Found a transporter.
 11540 | D:8      | Reached ** piety under the Shining One
 11804 | D:8      | Found a shimmering altar of Xom.
 11834 | D:8      | Noticed a two-headed ogre
 11891 | D:8      | Killed a two-headed ogre
 11892 | D:8      | Reached XP level 11. HP: 68/68 MP: 12/12
 11999 | D:8      | Found Pieloihu's Distillery.
 12010 | D:8      | Bought a potion of curing for 39 gold pieces
 12010 | D:8      | Bought a potion of lignification for 39 gold pieces
 12010 | D:8      | Bought a potion of flight for 39 gold pieces
 12016 | D:8      | Bought a potion of curing for 39 gold pieces
 12016 | D:8      | Bought 2 potions of ambrosia for 208 gold pieces
 12016 | D:8      | Bought a potion of lignification for 39 gold pieces
 12016 | D:8      | Bought a potion of haste for 130 gold pieces
 12543 | D:9      | Noticed a centaur warrior
 12553 | D:9      | Killed a centaur warrior
 12571 | D:9      | Noticed a purple ugly thing
 12598 | D:10     | Entered Level 10 of the Dungeon
 12598 | D:10     | Found a broken altar of Ashenzari.
 12598 | D:10     | Found a staircase to the Lair.
 13156 | D:10     | Noticed a two-headed ogre
 13174 | D:10     | Killed a two-headed ogre
 13621 | D:10     | Noticed a two-headed ogre
 13684 | D:10     | Killed a two-headed ogre
 13998 | D:10     | You are sucked into a shaft and drop 3 floors!
 14021 | D:13     | Noticed a two-headed ogre
 14034 | D:13     | Killed a two-headed ogre
 14035 | D:13     | Reached skill level 1 in Invocations
 14049 | D:13     | Noticed a boulder beetle
 14057 | D:13     | Noticed a cyclops
 14274 | D:12     | Found a frozen archway.
 14275 | D:12     | Noticed Lodul
 14296 | D:12     | Reached *** piety under the Shining One
 14387 | D:12     | Reached skill level 10 in Fighting
 14510 | D:11     | Noticed Snorg
 14518 | D:11     | HP: 2/72 [Snorg (17)]
 14530 | D:11     | Noticed a two-headed ogre
 14571 | D:11     | HP: 3/72 [Snorg (10)]
 14573 | D:11     | Killed Snorg
 14662 | D:11     | Killed a two-headed ogre
 14663 | D:11     | Reached XP level 12. HP: 14/78 MP: 11/16
 14847 | D:11     | Mangled by a wolf spider

Illustrated notes

Levels and vault maps discovered:
D:1:      dpeg_arrival_windows_large_door, layout_loops_corners,
          dreamdust_wishing_well, minmay_heptomino_w4
D:2:      layout_basic
D:3:      layout_loops_ring, mainiacjoe_overflow_cross_hatched,
          dreamdust_ecumenical_altar_angels_and_demons, uniq_sigmund
D:4:      layout_rooms, minmay_quantized, uniq_crazy_yiuf_cottage,
          uniq_blork_the_orc
D:5:      layout_rooms, nicolae_tso_besieged_by_evil, nicolae_ru_path_of_blood,
          st_stairs_1, kennysheep_boxes, uniq_duvessa, uniq_ijyb
D:6:      nicolae_cairo_tiling_large, layout_basic,
          minmay_temple_entry_stoned_glass
D:7:      layout_layer_cave, mainiacjoe_overflow_small_starburst, enter_bailey_2
D:8:      layout_cave_pools, xom_teletrap_fun, serial_shops, shop,
          gammafunk_ghost_smash, uniq_psyche
D:9:      minmay_shrinking_squares, layout_small_grid, serial_shops,
          kennysheep_mini_moat, uniq_maurice
D:10:     layout_gridville, lemuel_coloured_pillars_altar, ashenzari_altar_1,
          nicolae_overflow_two_pavilions, lair_entry_dummy
D:11:     nzn_winding_woodlands_large [nzn_winding_woodlands_5x5_open_star,
          nzn_winding_woodlands_5x15_pool, nzn_winding_woodlands_5x5_three,
          nzn_winding_woodlands_center_pierced_h,
          nzn_winding_woodlands_15x15_eel_pit,
          nzn_winding_woodlands_center_lodge, nzn_winding_woodlands_5x5_default,
          nzn_winding_woodlands_5x15_default, nzn_winding_woodlands_hourglass],
          layout_loops_cross, uniq_josephine, uniq_amaemon, uniq_snorg
D:12:     layout_gridville, david_orc_5, portal_ice_cave_entry_ice_simulacra,
          trog_antimagical, uniq_lodul, uniq_kirke
D:13:     layout_irregular_city, serial_shops, nicolae_shop_dealshenge
Temple:   hellmonk_temple_forest_ring

Skill      XL: |  1  2  3  4  5  6  7  8  9 10 11 |
---------------+----------------------------------+-----
Long Blades    | 3 4 5 8 12 14 | 14.0
Fighting       | 4 5 6 8 10 | 10.5
Shields        | 4 5 6 |  6.0
Armour         | 4 6 8 |  8.2
Invocations    | 4 |  4.3

Action                     |  1- 3 |  4- 6 |  7- 9 | 10-12 || total
---------------------------+-------+-------+-------+-------++-------
  Melee: Long sword        |    94 |    63 |   194 |   199 ||   550
         Peck              |    11 |     9 |    35 |    43 ||    98
         Kick              |    13 |    19 |    62 |    76 ||   170
  Throw: Dart              |     4 |     9 |    19 |    55 ||    87
         Boomerang         |       |       |     1 |     3 ||     4
 Invoke: Divine Shield     |       |       |       |     3 ||     3
  Evoke: Wand              |       |       |     9 |    13 ||    22
    Use: Scroll            |     5 |     4 |     8 |    13 ||    30
         Potion            |       |     2 |     9 |     4 ||    15
 Armour: Scale mail        |    56 |    15 |    93 |    30 ||   194
         Plate armour      |       |       |       |    70 ||    70
  Dodge: Dodged            |    49 |    24 |   122 |    74 ||   269
  Block: Buckler           |    27 |    16 |    51 |    74 ||   168
